Map: Deathaura LE

Players

ViBE

  • Race: Terran Terran
  • League: Grandmaster
  • Spawn Location: 11:00

A.I. 2 (Medium) - Winner!

  • Race: Protoss Protoss
  • Spawn Location: 5:00

VOD

https://www.twitch.tv/videos/749047102?t=00h06m25s

Description

Time

  • Played on: Sept. 22, 2020, 4:50 p.m.
  • Length: 7:10
Show
View Real Time Build Order
Export as new Build Order

ViBE Terran 

Build Orders: 2 Factory 

Get SALT Encoding   

  12  0:00  SCV  
  13  0:13  SCV  
  14  0:17  Supply Depot  
  14  0:25  SCV  
  15  0:39  SCV  
  15  0:42  Barracks  
  16  0:45  Refinery  
  16  0:51  SCV  
  17  1:03  SCV  
  18  1:17  SCV  
  19  1:29  Orbital Command  
  19  1:45  Command Center  
  19  1:50  Factory  
  19  1:55  SCV  
  20  2:01  Refinery  
  20  2:05  Barracks Tech Lab  
  20  2:07  SCV  
  21  2:15  Supply Depot  
  21  2:19  SCV  
  22  2:36  SCV  
  23  2:42  Siege Tank  
  26  2:48  SCV  
  27  2:53  Factory  
  27  2:57  Orbital Command  
  27  3:02  Engineering Bay  
  27  3:04  Barracks Reactor  
  27  3:10  SCV  
  28  3:17  Orbital Command  
  28  3:22  SCV  
  28  3:26  Siege Tank  
  32  3:33  Missile Turret  
  32  3:34  SCV  
  32  3:36  Missile Turret  
  33  3:46  SCV  
  33  3:47  SCV  
  35  3:52  Supply Depot  
  35  3:55  Hellion  
  37  3:58  SCV  
  37  3:59  Siege Tank, SCV  
  42  4:03  Hellion  
  42  4:09  Armory  
  44  4:17  SCV x2  
  44  4:19  Supply Depot  
  46  4:26  Hellion  
  46  4:29  SCV x2  
  50  4:31  Siege Tank  
  53  4:38  Refinery  
  53  4:40  Refinery  
  53  4:41  Hellion  
  53  4:43  Supply Depot  
  55  4:52  SCV x2  
  57  5:05  Thor  
  63  5:07  Supply Depot  
  63  5:09  Hellion x2  
  67  5:15  Supply Depot x2  
  67  5:27  SCV x2  
  69  5:37  Supply Depot  
  69  5:38  Hellion  
  69  5:39  Hellion, SCV x2  
  75  5:49  Command Center  
  75  5:51  SCV x2  
  77  5:58  Thor  
  77  6:04  Hellion  
  85  6:05  Hellion  
  85  6:08  SCV  
  85  6:09  SCV  
  89  6:21  SCV x2  
  89  6:23  Supply Depot  
  91  6:27  Hellion x2  
  95  6:33  SCV x2  
  97  6:45  SCV x2  
  105  6:49  Supply Depot  
  109  6:56  Supply Depot  
  109  6:57  SCV  
  109  6:59  Supply Depot  
Show
View Real Time Build Order
Export as new Build Order

A.I. 2 (Medium) Protoss - Winner!

Build Orders:  

Get SALT Encoding   

  12  0:00  Probe  
  13  0:13  Probe  
  14  0:20  Pylon  
  14  0:25  Probe  
  15  0:34  Probe  
  15  0:42  Probe  
  16  0:47  Assimilator  
  17  0:50  Gateway  
  17  0:52  Probe  
  18  1:00  Pylon  
  18  1:28  Gateway  
  18  1:32  Assimilator  
  18  1:39  Zealot  
  20  1:42  Cybernetics Core  
  20  1:59  Zealot  
  22  2:17  Pylon  
  22  2:18  Warp Gate  
  22  2:19  Stalker  
  24  2:37  Stalker  
  26  2:51  Stalker  
  28  2:59  Pylon  
  28  3:02  Probe  
  29  3:14  Probe, Adept  
  32  3:25  Forge  
  32  3:27  Probe  
  33  3:33  Stalker  
  35  3:39  Probe  
  36  3:49  Stalker  
  36  3:51  Probe  
  39  4:03  Probe  
  40  4:16  Probe  
  40  5:21  Probe  
  40  6:24  Probe, Sentry  
  43  6:26  Photon Cannon  
  43  6:27  Pylon  
  43  6:28  Photon Cannon  
  43  6:30  Robotics Facility  
  43  6:32  Nexus, Stargate  
  43  6:35  Twilight Council  
  43  6:37  Sentry  
  43  6:38  Gateway  
  45  6:46  Pylon  
  45  6:51  Adept  
Tags
 
Matchup
PvT
Opening
2 Factory
Player
ViBE
Spawn Locations
Cross Positions
Add a new tag
Caveats
  • Supply blocks, unpowered buildings, or Contaminate may cause inaccurate times.
  • Supply counts are checked every 10 seconds.